Map: Ruins of Seras

Players

Acolyte - Winner!

  • Race: Zerg Zerg
  • League: Platinum

Belial

  • Race: Zerg Zerg
  • League: Platinum

VOD

Have the link to the VOD?

Description

Time

  • Played on: Sept. 18, 2015, 7:58 a.m.
  • Length: 16:14
Show
View Real Time Build Order
Export as new Build Order

Acolyte Zerg - Winner!

Build Orders: Pool First 

Get SALT Encoding   

  12  0:02  Drone  
  13  0:16  Overlord  
  13  0:18  Drone  
  14  0:35  Drone x2  
  16  0:38  Drone  
  17  0:49  Drone, Spawning Pool  
  17  1:12  Hatchery  
  16  1:25  Drone x3, Extractor  
  18  1:40  Drone, Spine Crawler  
  18  1:47  Drone  
  18  1:49  Queen  
  21  1:59  Drone  
  22  2:13  Overlord  
  22  2:25  Metabolic Boost  
  22  2:29  Zergling x4  
  26  2:33  Queen  
  28  2:37  Drone x2  
  28  2:49  Overlord, Baneling Nest  
  27  2:52  Drone x2  
  29  3:04  Drone x5  
  34  3:18  Evolution Chamber  
  33  3:25  Hatchery  
  32  3:33  Drone x4  
  35  3:47  Zergling x4  
  35  3:48  Zergling x6  
  40  3:53  Zerg Ground Armor Level 1  
  40  3:56  Zergling x4  
  40  3:59  Zergling x2  
  43  4:03  Zergling x2  
  44  4:16  Baneling x2  
  42  4:28  Drone  
  42  4:29  Drone, Overlord x4  
  44  4:32  Baneling  
  44  4:38  Drone x3  
  47  4:39  Extractor  
  47  4:43  Drone x2  
  47  4:44  Drone  
  49  4:50  Zergling x16  
  56  5:00  Drone x3  
  59  5:09  Lair  
  59  5:11  Drone x4  
  56  5:30  Drone x8  
  56  5:33  Extractor x2  
  62  5:38  Zergling x2  
  62  5:41  Queen  
  66  5:50  Zergling x18  
  66  5:54  Zergling x2  
  66  5:55  Zergling x4  
  77  6:02  Zergling x2  
  78  6:09  Zergling x2  
  78  6:10  Zergling x12  
  81  6:17  Spire  
  79  6:19  Zergling x6  
  82  6:27  Spore Crawler  
  82  6:28  Spore Crawler  
  82  6:30  Spore Crawler  
  79  6:33  Spore Crawler  
  79  6:34  Spore Crawler  
  77  6:40  Spore Crawler  
  60  7:06  Overlord x2  
  60  7:07  Overlord  
  59  7:12  Baneling x4  
  59  7:18  Spore Crawler  
  59  7:19  Spore Crawler, Drone x2  
  59  7:20  Drone  
  59  7:21  Extractor  
  59  7:26  Zergling x14  
  59  7:27  Overlord x3  
  59  7:29  Mutalisk  
  66  7:30  Mutalisk x4  
  66  7:33  Mutalisk  
  78  7:39  Mutalisk  
  78  7:43  Drone x3  
  83  7:46  Mutalisk  
  84  7:53  Mutalisk x2  
  88  8:08  Drone x8  
  88  8:12  Mutalisk  
  98  8:22  Mutalisk x3  
  98  8:25  Zerg Flyer Armor Level 1  
  104  8:28  Drone  
  104  8:29  Drone  
  104  8:30  Drone  
  107  8:34  Drone  
  107  8:35  Drone x2  
  107  8:36  Drone  
  107  8:37  Drone  
  111  8:41  Drone  
  111  8:42  Drone, Extractor  
  111  8:46  Overlord  
  111  8:47  Overlord  
  112  8:52  Overlord  
  112  9:04  Mutalisk x2  
  112  9:05  Mutalisk  
  118  9:10  Mutalisk x2  
  122  9:20  Overlord  
  122  9:21  Hatchery  
  122  9:22  Mutalisk x2  
  120  9:29  Zergling x18  
  123  9:37  Mutalisk x2  
  127  9:39  Zergling x8  
  131  9:50  Overlord  
  131  9:52  Overlord, Infestation Pit  
  130  9:56  Overlord  
  130  9:57  Mutalisk x2  
  134  10:02  Zergling x6  
  134  10:03  Zergling x8  
  134  10:05  Baneling x4  
  141  10:19  Zerg Melee Weapons Level 1  
  141  10:27  Drone x2  
  143  10:29  Spine Crawler  
  143  10:34  Mutalisk x2  
  143  10:35  Mutalisk  
  147  10:36  Drone  
  147  10:37  Drone x12  
  160  10:49  Spore Crawler  
  159  10:50  Zergling x22  
  142  11:10  Mutalisk  
  142  11:11  Mutalisk x5  
  129  11:17  Queen  
  129  11:18  Extractor, Queen  
  141  11:19  Mutalisk, Extractor  
  141  11:21  Drone x3  
  141  11:22  Drone x3  
  147  11:34  Spore Crawler  
  134  11:42  Mutalisk x3  
  130  11:55  Mutalisk x3  
  130  11:57  Zergling x4  
  130  11:58  Zergling x14  
  140  12:06  Hive  
  140  12:07  Drone  
  138  12:10  Zergling x6  
  138  12:15  Baneling  
  141  12:16  Baneling  
  141  12:17  Baneling x3  
  141  12:18  Zergling x6  
  144  12:23  Zergling x2  
  145  12:34  Mutalisk x5  
  155  12:37  Spore Crawler  
  155  12:43  Spore Crawler  
  153  12:48  Zerg Flyer Weapons Level 1, Mutalisk x2  
  153  12:49  Hatchery  
  149  12:56  Queen  
  148  13:08  Mutalisk x4, Spine Crawler x2  
  148  13:12  Zergling x34  
  171  13:13  Spine Crawler  
  170  13:20  Viper  
  173  13:29  Zergling x4  
  173  13:30  Spore Crawler, Extractor  
  173  13:32  Extractor  
  172  13:38  Overlord x3, Viper  
  175  13:42  Overlord  
  175  13:46  Zerg Melee Weapons Level 2  
  175  13:48  Pneumatized Carapace  
  175  13:49  Overlord x2  
  175  13:54  Overlord x3  
  175  13:55  Overlord, Queen  
  175  13:56  Overlord  
  173  14:12  Viper x3  
  173  14:14  Zergling x10  
  173  14:15  Zergling x16  
  194  14:24  Spore Crawler  
  194  14:25  Spore Crawler  
  194  14:26  Spore Crawler, Spine Crawler  
  194  14:28  Drone, Spine Crawler  
  188  15:02  Drone x3, Spine Crawler  
  188  15:03  Drone x3, Spine Crawler  
  192  15:07  Overlord  
  192  15:08  Spine Crawler  
  192  15:09  Drone x2, Ultralisk Cavern  
  192  15:22  Spine Crawler  
  192  15:24  Spine Crawler  
  190  15:33  Drone x3  
  190  15:34  Drone x3  
  196  15:40  Spore Crawler  
  196  15:41  Spine Crawler  
  196  15:42  Overlord, Spine Crawler  
  193  15:45  Spore Crawler, Spine Crawler  
  193  15:46  Overlord  
Show
View Real Time Build Order
Export as new Build Order

Belial Zerg 

Build Orders: Hatch First 

Get SALT Encoding   

  12  0:02  Drone  
  13  0:13  Overlord  
  13  0:18  Drone  
  14  0:31  Drone x2  
  16  0:36  Drone  
  17  0:54  Hatchery  
  17  0:57  Drone  
  17  1:00  Drone  
  18  1:14  Spawning Pool  
  18  1:17  Drone  
  18  1:20  Extractor  
  18  1:22  Drone  
  18  1:29  Drone  
  19  1:39  Drone  
  20  1:50  Drone  
  21  2:01  Overlord  
  21  2:05  Queen  
  21  2:06  Queen  
  21  2:08  Zergling x2  
  26  2:11  Drone  
  27  2:19  Drone  
  28  2:23  Drone  
  28  2:28  Drone  
  28  2:29  Metabolic Boost  
  30  2:33  Overlord  
  30  2:39  Drone  
  30  2:43  Drone  
  32  2:50  Drone  
  33  2:54  Drone, Spine Crawler  
  33  2:57  Baneling Nest  
  31  3:00  Drone  
  32  3:05  Drone  
  32  3:06  Queen  
  32  3:11  Overlord  
  35  3:14  Zergling x4  
  35  3:16  Zergling x2  
  35  3:18  Zergling x2  
  39  3:21  Zergling x2  
  39  3:24  Overlord  
  40  3:31  Lair  
  40  3:33  Drone  
  41  3:35  Drone  
  41  3:38  Drone  
  41  3:39  Drone  
  44  3:42  Drone  
  44  3:44  Drone  
  44  3:45  Drone  
  47  3:51  Drone x2  
  47  3:52  Drone  
  47  3:55  Drone  
  51  3:56  Extractor  
  51  3:57  Extractor  
  51  3:58  Drone  
  51  4:00  Drone  
  51  4:02  Baneling x2  
  51  4:05  Drone  
  51  4:09  Drone x3  
  55  4:13  Drone  
  54  4:18  Extractor  
  54  4:22  Overlord  
  52  4:28  Overlord  
  52  4:30  Zergling x4  
  52  4:31  Zergling x2  
  55  4:35  Spire  
  54  4:41  Baneling  
  54  4:44  Drone  
  55  4:53  Baneling x2  
  55  5:09  Overlord  
  55  5:26  Hatchery  
  52  5:29  Baneling x2  
  52  5:46  Mutalisk x3  
  52  5:47  Mutalisk x3  
  52  5:49  Zergling x10  
  73  5:50  Zergling x18  
  73  5:56  Drone  
  79  6:02  Zergling x4  
  79  6:03  Extractor, Zergling x4  
  82  6:04  Zergling x2  
  82  6:08  Extractor  
  80  6:16  Hatchery  
  80  6:17  Mutalisk x2  
  83  6:20  Overlord  
  83  6:23  Baneling x2  
  83  6:24  Baneling  
  83  6:25  Overlord  
  83  6:26  Zerg Flyer Weapons Level 1  
  83  6:29  Overlord  
  83  6:31  Overlord  
  83  6:32  Drone  
  84  6:38  Baneling x5  
  84  6:39  Drone, Baneling  
  86  6:40  Drone, Extractor  
  86  6:41  Drone x2  
  86  6:44  Drone  
  81  7:01  Zergling x10  
  75  7:05  Mutalisk, Zergling x6  
  75  7:06  Mutalisk x2  
  85  7:09  Baneling  
  85  7:10  Baneling x3  
  85  7:11  Zergling x2  
  86  7:18  Zergling x2  
  86  7:22  Drone  
  88  7:26  Mutalisk  
  88  7:28  Mutalisk  
  92  7:32  Drone  
  92  7:34  Baneling x2  
  92  7:35  Baneling x2  
  93  7:38  Drone  
  93  7:39  Evolution Chamber, Drone  
  93  7:40  Evolution Chamber  
  93  7:42  Drone x4  
  93  7:43  Drone  
  93  7:44  Drone x2  
  100  7:45  Drone  
  100  7:55  Drone x3  
  100  8:01  Mutalisk  
  100  8:02  Mutalisk x2  
  106  8:06  Mutalisk  
  108  8:13  Mutalisk  
  108  8:16  Overlord  
  110  8:20  Spore Crawler  
  110  8:23  Spore Crawler  
  110  8:24  Spore Crawler  
  110  8:26  Mutalisk  
  109  8:28  Drone x2, Spore Crawler  
  109  8:32  Spore Crawler  
  109  8:41  Mutalisk x2, Spore Crawler  
  109  8:44  Mutalisk  
  114  8:55  Overlord  
  114  8:59  Mutalisk  
  114  9:00  Mutalisk  
  118  9:08  Mutalisk x2  
  118  9:09  Baneling x3  
  122  9:10  Hatchery  
  122  9:14  Spine Crawler  
  120  9:18  Mutalisk, Spore Crawler  
  120  9:21  Mutalisk  
  121  9:28  Mutalisk  
  122  9:34  Mutalisk  
  122  9:37  Drone x4  
  122  9:38  Drone x2  
  128  9:42  Overlord  
  128  9:50  Infestation Pit  
  127  9:53  Zergling x6  
  127  9:57  Overlord  
  130  10:12  Mutalisk x4  
  138  10:17  Extractor  
  138  10:18  Extractor  
  138  10:19  Overlord  
  136  10:21  Zerg Flyer Armor Level 1  
  136  10:22  Mutalisk, Spore Crawler  
  136  10:25  Spore Crawler  
  136  10:26  Spore Crawler, Mutalisk  
  137  10:33  Mutalisk  
  137  10:37  Mutalisk  
  137  10:44  Mutalisk  
  137  10:49  Mutalisk  
  138  10:56  Mutalisk  
  136  11:02  Zergling x12  
  136  11:03  Zergling x14  
  136  11:04  Zergling x2  
  128  11:06  Zergling x4  
  128  11:07  Zergling x4  
  128  11:08  Zergling x2  
  128  11:16  Drone x3  
  131  11:23  Baneling x2  
  131  11:24  Baneling x4  
  131  11:26  Drone  
  131  11:27  Drone  
  131  11:29  Mutalisk  
  135  11:34  Mutalisk  
  135  11:37  Mutalisk  
  135  11:38  Mutalisk  
  136  11:46  Mutalisk  
  136  11:47  Mutalisk x2  
  137  11:54  Drone x3  
  137  11:55  Drone  
  137  11:56  Drone  
  137  11:59  Drone  
  142  12:06  Drone  
  142  12:08  Drone  
  143  12:09  Drone  
  144  12:21  Zergling x4  
  144  12:22  Zergling x2  
  147  12:29  Spore Crawler  
  146  12:30  Zergling x4  
  146  12:32  Zergling x2  
  146  12:33  Zergling x6  
  146  12:36  Zergling x2  
  153  12:39  Zergling x2, Baneling x3  
  153  12:42  Zergling x6  
  157  12:45  Zergling x4  
  157  12:52  Zergling x4  
  157  12:54  Zergling x2  
  159  13:01  Zergling x6  
  159  13:06  Mutalisk, Zergling x4  
  159  13:10  Overlord  
  159  13:11  Zerg Flyer Weapons Level 2  
  155  13:14  Mutalisk  
  155  13:15  Mutalisk  
  159  13:25  Drone  
  160  13:28  Mutalisk  
  160  13:29  Mutalisk  
  160  13:31  Hatchery, Drone x2  
  165  13:34  Overlord  
  165  13:38  Overlord  
  165  13:41  Overlord  
  165  13:44  Baneling x3  
  165  13:48  Mutalisk  
  165  13:52  Mutalisk  
  165  13:54  Mutalisk  
  171  13:57  Mutalisk  
  170  14:11  Hive  
  170  14:19  Mutalisk  
  170  14:20  Mutalisk  
  174  14:36  Overlord  
  174  14:41  Hatchery  
  174  14:42  Extractor  
  174  14:45  Extractor  
  168  14:59  Overlord  
  162  15:11  Overlord  
  152  15:24  Viper x4  
  163  15:29  Ultralisk Cavern  
  163  15:32  Mutalisk x10  
  163  15:33  Mutalisk x2  
  184  15:36  Drone  
  184  15:37  Drone x2  
  184  15:38  Drone  
  184  15:40  Drone  
  189  15:43  Drone x2  
  189  15:45  Drone  
  192  15:50  Zergling x8  
  192  15:53  Zergling x4  
Tags
 
Add a new tag
Caveats
  • Supply blocks, unpowered buildings, or Contaminate may cause inaccurate times.
  • Supply counts are checked every 10 seconds.